 Dungeon Crawl Stone Soup version 0.29-a0-330-g52719c12eb (webtiles) character file.

Game seed: 6010546974287592812

1346 Argons the Reanimator (level 8, 0/58 HPs)
             Began as a Ghoul Fire Elementalist on Apr 30, 2022.
             Slain by a centaur (3 damage)
             ... on level 6 of the Dungeon.
             The game lasted 00:34:07 (7827 turns).

Argons the Reanimator (Ghoul Fire Elementalist)     Turns: 7827, Time: 00:34:08

Health: 0/58       AC:  3    Str: 18    XL:     8   Next: 62%
Magic:  0/13       EV: 12    Int: 12    God:
Gold:   323        SH:  0    Dex: 15    Spells: 11/15 levels left

rFire   . . .      SeeInvis .   (no weapon)
rCold   + . .      Faith    .   (no shield)
rNeg    + + +      Spirit   .   D - +0 robe {Will+}
rPois   ∞          Reflect  .   z - +0 helmet
rElec   .          Harm     .   (no cloak)
rCorr   .          Rampage  .   (no gloves)
Will    +....                   (no boots)
Stlth   ++........              (no amulet)
HPRegen 0.00/turn               f - +6 ring of strength
MPRegen 0.13/turn               A - +6 ring of dexterity

@: inhibited regen
A: claws 1, cold resistance 1, negative energy resistance 3, inhibited
regeneration, torment resistance 2, devour on kill
a: no special abilities


You were on level 6 of the Dungeon.
You visited 1 branch of the dungeon, and saw 6 of its levels.

You collected 323 gold pieces.

Inventory:

Missiles
 d - 6 poisoned darts (quivered)
 l - 3 javelins
 B - a throwing net
Armour
 s - a +0 pair of gloves
 w - a +0 buckler
 z - a +0 helmet (worn)
 D - a +0 robe of willpower (worn)
Jewellery
 f - a +6 ring of strength (left claw)
 A - a +6 ring of dexterity (right claw)
Wands
 x - a wand of iceblast (5)
 y - a wand of flame (28)
Scrolls
 c - a scroll of identify
 i - 3 scrolls of teleportation
 m - 2 scrolls of enchant armour
 q - 2 scrolls of torment {unknown}
 r - a scroll of magic mapping {unknown}
 v - a scroll of acquirement {unknown}
 C - a scroll of brand weapon {unknown}
Potions
 b - a potion of magic
 e - 2 potions of resistance
 g - a potion of mutation {unknown}
 h - 2 potions of attraction
 j - 3 potions of brilliance {unknown}
 k - 2 potions of cancellation
 n - 3 potions of flight {unknown}
 o - a potion of lignification {unknown}
 p - a potion of curing {unknown}
 t - a potion of invisibility {unknown}
 u - a potion of heal wounds {unknown}


   Skills:
 - Level 0.3 Fighting
 - Level 1.7 Dodging
 + Level 2.8 Stealth
 - Level 0.3 Unarmed Combat
 + Level 4.0 Spellcasting
 - Level 0.7 Conjurations
 - Level 9.0 Necromancy
 - Level 2.4 Fire Magic


You had 11 spell levels left.
You knew the following spells:

 Your Spells              Type           Power      Damage    Failure   Level
a - Foxfire               Conj/Fire      24%        2x1d5     12%         1
b - Pain                  Necr           96%        1d8       1%          1
c - Scorch                Fire           16%        2d5       12%         2

Your spell library contained the following spells:

 Spells                   Type           Power      Damage    Failure   Level
 Agony                    Necr           24%        N/A       16%         5
 Excruciating Wounds      Necr           12%        N/A       16%         5
 Ensorcelled Hibernation  Hex/Ice        4%         N/A       32%         2
 Passwall                 Tmut/Erth      1%         N/A       32%         2
 Conjure Flame            Conj/Fire      6%         6-21      34%         3
 Inner Flame              Hex/Fire       5%         N/A       38%         3
 Swiftness                Air            2%         N/A       54%         3
 Flame Wave               Conj/Fire      6%         2d5       75%         4
 Iskenderun's Battlesphe  Conj           4%         2d6       99%         5
 Iron Shot                Conj/Erth      1%         9d1       100%        6
 Spellforged Servitor     Conj/Summ      1%         N/A       100%        7


Dungeon Overview and Level Annotations

Branches:
Dungeon (6/15)
 Temple: D:4-7

Altars:
Okawaru
Vehumet
Wu Jian
Xom
The Shining One


Innate Abilities, Weirdness & Mutations

You are immune to poison.
You have sharp fingernails.
Your flesh is cold resistant. (rC+)
You are immune to negative energy. (rN+++)
You do not regenerate when monsters are visible.
You are immune to unholy pain and torment.
You thrive by killing the living.


Message History

The adder is severely wounded.
The adder bites you.
The centaur unwields a +0 shortbow.
The centaur hits you. The centaur misses you.
You scratch the adder.
The adder is almost dead.
The adder bites you. The centaur hits you. The centaur kicks you.
You scratch the adder.
You kill the adder!
You feel better. The centaur hits you.
* * * LOW HITPOINT WARNING * * *
The centaur kicks you.
* * * LOW HITPOINT WARNING * * *
The centaur hits you.
* * * LOW HITPOINT WARNING * * *
The centaur kicks you.
* * * LOW HITPOINT WARNING * * *
Casting: Pain (safe; 1% risk of failure)
Confirm with . or Enter, or press ? or * to list all spells.
Flames lash the centaur.
The centaur is moderately wounded.
The centaur's fire resistance burns away.
The centaur closely misses you. The centaur barely misses you.
Casting: Scorch (safe; 12% risk of failure)
Confirm with . or Enter, or press ? or * to list all spells.
Flames lash the centaur.
The centaur is burned terribly!
The centaur is severely wounded.
The centaur hits you.
* * * LOW HITPOINT WARNING * * *
The centaur kicks you.
* * * LOW HITPOINT WARNING * * *
The centaur barely misses you. The centaur misses you.
You scratch the centaur.
The centaur is severely wounded.
The centaur hits you.
* * * LOW HITPOINT WARNING * * *
The centaur kicks you but does no damage.
You scratch the centaur but do no damage.
The centaur is severely wounded.
The centaur hits you.
You die...

#............#
.....=......#
#>..c.......#
#..........#
#..........#
#........#
#<......##
######.....##
#...@†....##
#####c....#
#..#....#
#..#####...
#..# #. #..#
#.## ... ...


You could see a centaur (combustible).

Vanquished Creatures
  Sigmund (D:3)
  2 black bears
  2 ogres
  A phantom (D:6)
  Blork the orc (D:5)
  A necrophage (D:5)
  4 scorpions
  2 hounds (D:5)
  4 jellies
  Ijyb (D:3)
  An iguana (D:5)
  8 adders
  An ufetubus (D:4)
  5 worms
  6 orcs
  10 ball pythons
  8 endoplasms
  4 giant cockroaches
  6 hobgoblins
  3 quokkas
  6 bats
  A frilled lizard (D:2)
  6 goblins
  7 kobolds
  9 rats
100 creatures vanquished.

Vanquished Creatures (others)
  2 foxfires (D:1)
  2 fungi (D:1)
  2 plants (D:1)
6 creatures vanquished.

Grand Total: 106 creatures vanquished

Notes
Turn   | Place    | Note
-------+----------+-------------------------------------------
     0 | D:1      | Argons the Ghoul Fire Elementalist began the quest for the
                  | Orb.
     0 | D:1      | Reached XP level 1. HP: 14/14 MP: 2/2
   121 | D:1      | Learned a level 1 spell: Pain
   336 | D:1      | Reached XP level 2. HP: 22/22 MP: 2/4
   343 | D:1      | Reached skill level 1 in Necromancy
   483 | D:1      | Learned a level 2 spell: Scorch
   956 | D:1      | Reached skill level 2 in Necromancy
  1062 | D:1      | Reached XP level 3. HP: 26/27 MP: 0/5
  1402 | D:1      | Found a faded altar of an unknown god.
  1872 | D:2      | Reached skill level 3 in Necromancy
  1962 | D:2      | Reached XP level 4. HP: 19/34 MP: 0/6
  2880 | D:3      | Found an iron altar of Okawaru.
  3128 | D:3      | Noticed Sigmund
  3463 | D:4      | Noticed a scorpion
  3542 | D:4      | Killed a scorpion
  3543 | D:4      | Reached skill level 4 in Necromancy
  3543 | D:4      | Reached XP level 5. HP: 39/39 MP: 2/7
  3925 | D:4      | Reached skill level 5 in Necromancy
  4243 | D:4      | Identified the +1 spear "Ire Cui" {venom, Str+2}
  4259 | D:4      | Found a radiant altar of Vehumet.
  4408 | D:4      | Found a shimmering altar of Xom.
  4530 | D:4      | Reached XP level 6. HP: 46/46 MP: 1/8
  4697 | D:4      | Noticed a black bear
  4755 | D:3      | Noticed Ijyb
  4773 | D:3      | Killed Ijyb
  5195 | D:4      | Reached skill level 6 in Necromancy
  5721 | D:4      | Killed a black bear
  5722 | D:4      | Reached skill level 7 in Necromancy
  5722 | D:4      | Reached XP level 7. HP: 50/51 MP: 0/9
  5818 | D:5      | Entered Level 5 of the Dungeon
  5932 | D:5      | Found an ornate altar of the Wu Jian Council.
  6212 | D:5      | Reached skill level 8 in Necromancy
  6566 | D:5      | Reached XP level 8. HP: 26/58 MP: 1/10
  6997 | D:5      | Noticed Blork the orc
  7009 | D:5      | Killed Blork the orc
  7670 | D:3      | Killed Sigmund
  7671 | D:3      | Reached skill level 9 in Necromancy
  7827 | D:6      | Slain by a centaur

Illustrated notes

Levels and vault maps discovered:
D:1:      ncdulo_halloftheorcs, layout_loops_ring,
          dreamdust_ecumenical_altar_hidden_monk_grotto, minmay_circled_x
D:2:      layout_loops_cross, nicolae_wormholes
D:3:      layout_basic, mainiacjoe_overflow_catwalk, kennysheep_generic_room_14,
          uniq_ijyb, uniq_sigmund
D:4:      layout_loops_corners, mainiacjoe_overflow_six_doors_small,
          kennysheep_little_box, tso_altar
D:5:      layout_basic, lemuel_tele_altar, minmay_checkerbox, uniq_blork_the_orc
D:6:      layout_cave_pods, marbit_many_paths, gup_sewer_entry_spiral

Skill      XL: |  1  2  3  4  5  6  7  8 |
---------------+-------------------------+-----
Spellcasting   | 2 4 |  4.0
Necromancy     | 2 3 4 5 7 8 9 |  9.0
Fighting       | |  0.3
Dodging        | |  1.7
Stealth        | |  2.8
Unarmed Combat | |  0.3
Conjurations   | |  0.7
Fire Magic     | |  2.4

Action                   |  1- 3 |  4- 6 |  7- 9 || total
-------------------------+-------+-------+-------++-------
Melee: Unarmed           |   108 |    49 |    19 ||   176
       Punch             |       |     2 |       ||     2
Throw: Dart              |    10 |    13 |    15 ||    38
 Cast: Pain              |    40 |    64 |    42 ||   146
       Foxfire           |     2 |       |       ||     2
       Scorch            |    12 |    29 |    30 ||    71
  Use: Scroll            |       |     5 |       ||     5
 Stab: Sleeping          |     1 |     1 |       ||     2
Armor: Robe              |    28 |     5 |     9 ||    42
Dodge: Dodged            |    86 |    36 |    22 ||   144

Table legend: (Time is in decaauts)
 A = Elapsed time spent in this place.
 B = Non-inter-level travel time spent in this place.
 C = Inter-level travel time spent in this place.
 D = Time resting spent in this place.
 E = Time spent auto-exploring this place.
 F = Levels seen in this place.
 G = Mean time per level.
                   A        B        C        D        E       F      G
               +--------+--------+--------+--------+--------+-----+--------+
         Total |   7833 |   7343 |    490 |   3329 |    102 |   6 | 1305.5 |
       Dungeon |   7833 |   7343 |    490 |   3329 |    102 |   6 | 1305.5 |
               +--------+--------+--------+--------+--------+-----+--------+

Top non-repeatable levels by time:
     D:4: 2274 daAuts
     D:5: 1650 daAuts
     D:1: 1499 daAuts
     D:2: 1273 daAuts
     D:3: 1108 daAuts
     D:6: 26 daAuts
